 Dungeon Crawl Stone Soup version 0.30.1-4-g462c640d31 (webtiles) character file.

Game seed: 6333601929304894446

6539 lonewolfV2 the Cleaver (level 10, -3/78 HPs)
             Began as a Demonspawn Fighter on Aug 25, 2023.
             Was a Priest of Makhleb.
             Slain by a yak (4 damage)
             ... on level 10 of the Dungeon.
             The game lasted 00:17:09 (10929 turns).

lonewolfV2 the Cleaver (Demonspawn Fighter)        Turns: 10929, Time: 00:17:10

Health: -3/78      AC: 13    Str: 20    XL:     10   Next: 70%
Magic:  3/3        EV: 10    Int: 14    God:    Makhleb [***...]
Gold:   284        SH: 20    Dex: 16    Spells: 9/9 levels left

rFire   . . .        G - +4 long sword of Doom {antimagic, Will+++}
rCold   . . .        m - +5 kite shield "Arickoruat" {Will+ Int+3 Dex+4}
rNeg    . . .        b - +1 scale mail
rPois   .            (no helmet)
rElec   .            (no cloak)
rCorr   .            (no gloves)
SInv    +            (no boots)
Will    ++++.        (no amulet)
Stlth   +            e - +4 ring of protection
HPRegen 0.33/turn    g - ring of see invisible
MPRegen 0.08/turn

%: no passive effects
@: no status effects
A: rugged brown scales 1, spiny 1, condensation shield, weakness stinger 1
a: Renounce Religion, Minor Destruction, Lesser Servant of Makhleb


You were on level 10 of the Dungeon.
You worshipped Makhleb.
Makhleb was most pleased with you.
You visited 2 branches of the dungeon, and saw 11 of its levels.
You also visited: Sewer and Ossuary.

You collected 530 gold pieces.
You spent 246 gold pieces at shops.

Inventory:

Hand Weapons
 a - a +0 war axe
 C - a +3 battleaxe
 D - a +4 spear of freezing
 G - the +4 long sword of Doom (weapon) {antimagic, Will+++}
   (You bought it in a shop on level 9 of the Dungeon)

   Will:      It greatly increases your willpower.
Armour
 b - a +1 scale mail (worn)
 c - a +0 buckler
 m - the +5 kite shield "Arickoruat" (worn) {Will+ Int+3 Dex+4}
   (You found it on level 2 of the Dungeon)

   Int:       It affects your intelligence (+3).
   Dex:       It affects your dexterity (+4).
   Will:      It increases your willpower.
Jewellery
 e - a +4 ring of protection (left hand)
 g - a ring of see invisible (right hand)
 w - a ring of flight
Wands
 i - a wand of roots (3)
 j - a wand of flame (30)
 y - a wand of digging (4)
Scrolls
 v - 2 scrolls of fear
 A - a scroll of magic mapping
Potions
 d - 3 potions of might
 f - 2 potions of cancellation
 h - 2 potions of haste
 k - 4 potions of lignification
 l - 3 potions of curing
 n - 6 potions of mutation
 o - 5 potions of invisibility
 p - 3 potions of magic
 q - 2 potions of resistance {unknown}
 r - 2 potions of attraction
 s - a potion of flight {unknown}
 t - a potion of degeneration {unknown}
 u - 3 potions of brilliance
 x - 2 potions of heal wounds
 z - a potion of ambrosia {unknown}


   Skills:
 + Level 5.8 Fighting
 + Level 1.2 Long Blades
 + Level 9.9 Axes
 + Level 6.1 Armour
 + Level 3.7 Dodging
 + Level 2.0 Stealth
 + Level 8.1 Shields


You had 9 spell levels left.
You didn't know any spells.
Your spell library contained the following spells:

 Spells                   Type           Power      Damage    Failure   Level
 Apportation              Tloc           0%         N/A       83%         1
 Blink                    Tloc           0%         N/A       93%         2
 Sublimation of Blood     Necr           0%         N/A       93%         2
 Inner Flame              Hex/Fire       0%         N/A       99%         3
 Vhi's Electric Charge    Tloc/Air       0%         N/A       99%         3
 Manifold Assault         Tloc           0%         N/A       100%        4
 Petrify                  Tmut/Erth      0%         N/A       100%        4
 Alistair's Intoxication  Tmut/Pois      0%         N/A       100%        5
 Arcjolt                  Conj/Air       0%         1d10      100%        5
 Irradiate                Conj/Tmut      0%         3d11      100%        5
 Yara's Violent Unravell  Hex/Tmut       0%         3d3       100%        5
 Enfeeble                 Hex            0%         N/A       100%        7
 Storm Form               Tmut/Air       0%         N/A       100%        7
 Maxwell's Capacitive Co  Air            0%         ∞         100%        8


Dungeon Overview and Level Annotations

Branches:
Dungeon (10/15)            Temple (1/1) D:5           Sewer (visited)
Ossuary (visited)
   Lair: D:8-11         Orc: D:9-12

Altars:
Ashenzari
Cheibriados
Dithmenos
Fedhas
Gozag
Hepliaklqana
Kikubaaqudgha
Makhleb
Okawaru
Qazlal
Ru
Sif Muna
Trog
Uskayaw
Vehumet
Wu Jian
Xom
Yredelemnul

Shops:
D:5 [   D:9 *[((


Innate Abilities, Weirdness & Mutations

You are partially covered in rugged brown scales. (AC +1, +3% HP)
You are partially covered in sharp spines.
A meltable shield of frost defends you. (SH +4)
You have a small tail.


Message History

The orc is struck by your spines. The orc hits you but does no damage.
The yak gores you. The yak misses you.
You hit the yak but do no damage. You tail-slap the yak.
The yak is lightly wounded.
You block the yak's attack. The yak gores you but does no damage.
You block the yak's attack. The yak barely misses you.
You block the orc's attack.
You slash the yak!
The yak is heavily wounded.
The yak gores you but does no damage. You block the yak's attack.
The yak is struck by your spines. The yak barely misses you.
The yak is struck by your spines. The yak gores you!
The orc is struck by your spines. The orc hits you but does no damage.
The yak is struck by your spines. The yak gores you!
* * * LOW HITPOINT WARNING * * *
You block the yak's attack. x2; The yak gores you.
* * * LOW HITPOINT WARNING * * *
You block the orc's attack.
You slash the orc!
You kill the orc!
Makhleb accepts your kill.
You feel better. You block the yak's attack. x2
The yak is struck by your spines. The yak gores you but does no damage.
The yak is struck by your spines. The yak gores you.
* * * LOW HITPOINT WARNING * * *
You feel better. The yak barely misses you. You block the yak's attack.
The yak gores you.
* * * LOW HITPOINT WARNING * * *
You block the yak's attack.
You slash the yak!
The yak is almost dead.
You block the yak's attack.
The yak gores you but does no damage. x2
You block the yak's attack.
The yak snorts and paws the ground.
The yak gores you!
* * * LOW HITPOINT WARNING * * *
The yak gores you!
* * * LOW HITPOINT WARNING * * *
The yak barely misses you. The yak gores you.
You die...

#...# #...#
#############...#####
............#....#...
............#....#...
............#....#...
#####..#...#...##..#
#.Y))..#.......#...#
#.Y@)..#.......#...#
#.YY)..#######.##..#
.........#............
...........#............
...........#........####
...........#........#...
##......../###...####...
........<.......#..####
.....#......


You could see 4 yaks.

Vanquished Creatures
  A two-headed ogre (D:8)
  A troll (D:10)
  Grinder (D:4)
  Prince Ribbit (D:6)
  A shadow (D:9)
  A wraith (D:9)
  3 steam dragons
  3 vampire mosquitoes (D:9)
  An acid dragon (D:8)
  2 water moccasins (D:7)
  5 orc warriors
  2 ice beasts
  A sky beast (D:7)
  2 black bears
  An ogre (D:5)
  2 centaurs
  6 kobold brigands
  2 bullfrogs
  Blork the orc (D:4)
  2 gnoll sergeants (D:9)
  3 scorpions
  6 water moccasin zombies (Ossuary)
  3 wights (D:8)
  5 killer bees (D:9)
  A howler monkey (D:7)
  5 hounds
  Crazy Yiuf (D:6)
  5 orc priests
  A gnoll bouda (D:6)
  A jelly (D:6)
  13 orc wizards
  2 sleepcaps
  2 mummies (Ossuary)
  Robin (D:4)
  11 gnolls
  A river rat (Sewer)
  4 adders
  2 shadow imps
  2 ufetubi (D:6)
  2 adder zombies (Ossuary)
  2 worms
  A dart slug (D:3)
  32 orcs
  7 endoplasms
  4 giant cockroaches
  15 goblins
  8 hobgoblins
  8 jackals
  12 kobolds
  2 quokkas (D:2)
  7 ball pythons
  3 bats
  9 frilled lizards
  2 gnoll zombies (Ossuary)
  7 hobgoblin zombies (Ossuary)
  9 kobold zombies (Ossuary)
  2 orc zombies (Ossuary)
  7 rats
247 creatures vanquished.

Notes
Turn   | Place    | Note
-------+----------+-------------------------------------------
     0 | D:1      | lonewolfV2 the Demonspawn Fighter began the quest for the
                  | Orb.
     0 | D:1      | Reached XP level 1. HP: 18/18 MP: 1/1
   179 | D:1      | Gained mutation: A meltable shield of frost defends you.
                  | (SH +4) [demonic ancestry]
   179 | D:1      | Reached XP level 2. HP: 24/24 MP: 2/2
   362 | D:1      | Reached skill level 2 in Axes
   600 | D:1      | Found a faded altar of an unknown god.
   988 | D:2      | Gained mutation: You have a small tail. [demonic ancestry]
   988 | D:2      | Reached XP level 3. HP: 16/29 MP: 3/3
  1251 | D:2      | Identified the +5 kite shield "Arickoruat" {Will+ Int+3
                  | Dex+4}
  1867 | D:3      | Reached skill level 3 in Axes
  1867 | D:3      | Reached XP level 4. HP: 32/35 MP: 4/4
  1880 | D:3      | Gained mutation: You are partially covered in rugged brown
                  | scales. (AC +1, +3% HP) [demonic ancestry]
  1880 | D:3      | Reached XP level 5. HP: 29/42 MP: 5/5
  2296 | D:3      | Reached skill level 4 in Axes
  2315 | D:3      | Found an opulent altar of Gozag.
  2402 | D:4      | Noticed Robin
  2403 | D:4      | Noticed a black bear
  2431 | D:3      | Killed a black bear
  2432 | D:3      | Reached XP level 6. HP: 11/48 MP: 6/6
  2675 | D:4      | Killed Robin
  2792 | D:4      | Found a glowing drain.
  2838 | D:4      | Noticed Blork the orc
  2875 | D:4      | Killed Blork the orc
  2876 | D:4      | Reached skill level 1 in Dodging
  3025 | Sewer    | Entered a sewer
  3153 | Sewer    | Reached skill level 5 in Axes
  3217 | Sewer    | Reached XP level 7. HP: 52/54 MP: 7/7
  3575 | D:4      | Noticed Grinder
  3607 | D:4      | Killed Grinder
  4050 | D:5      | Entered Level 5 of the Dungeon
  4072 | D:5      | Reached XP level 8. HP: 51/61 MP: 8/8
  4134 | D:5      | Found a staircase to the Ecumenical Temple.
  4152 | Temple   | Entered the Ecumenical Temple
  4190 | Temple   | Became a worshipper of Makhleb the Destroyer
  4218 | D:5      | Reached skill level 6 in Axes
  4218 | D:5      | Reached skill level 5 in Shields
  4252 | D:5      | Found a sand-covered staircase.
  4489 | Ossuary  | Entered an ossuary
  4661 | Ossuary  | Reached * piety under Makhleb
  4832 | D:5      | Found a sacrificial altar of Ru.
  4835 | D:5      | Found an ornate altar of the Wu Jian Council.
  4838 | D:5      | Found a broken altar of Ashenzari.
  4841 | D:5      | Found a hide-covered altar of Uskayaw.
  4914 | D:5      | Found a shimmering blue altar of Sif Muna.
  4937 | D:5      | Reached skill level 7 in Axes
  5314 | D:5      | Found Qurez's Antique Armour Shop.
  5545 | D:6      | Noticed Prince Ribbit
  5561 | D:6      | Killed Prince Ribbit
  5562 | D:6      | Reached XP level 9. HP: 42/69 MP: 9/9
  5737 | D:6      | Found a snail-covered altar of Cheibriados.
  6015 | D:6      | Reached skill level 5 in Fighting
  6024 | D:6      | Reached skill level 8 in Axes
  6299 | D:6      | Found a runed translucent door.
  6300 | D:6      | Noticed Crazy Yiuf
  6306 | D:6      | Killed Crazy Yiuf
  6441 | D:6      | Found a hazy altar of Hepliaklqana.
  6475 | D:6      | Reached skill level 1 in Stealth
  6627 | D:6      | Found a stormy altar of Qazlal.
  6885 | D:7      | Reached skill level 5 in Armour
  7230 | D:7      | Reached ** piety under Makhleb
  7465 | D:7      | Reached skill level 9 in Axes
  8438 | D:8      | Gained mutation: You are partially covered in sharp spines.
                  | [demonic ancestry]
  8438 | D:8      | Reached XP level 10. HP: 67/76 MP: 10/10
  8712 | D:8      | Noticed a two-headed ogre
  8719 | D:8      | Killed a two-headed ogre
  9630 | D:9      | Found Illy's Armour Boutique.
  9785 | D:9      | Found a shimmering altar of Xom.
  9854 | D:9      | Reached *** piety under Makhleb
  9876 | D:9      | Found Utwyr's Antique Weapon Emporium.
 10021 | D:9      | Found Rounk's Antique Weapon Emporium.
 10114 | D:9      | Bought a crystal long sword for 246 gold pieces
 10114 | D:9      | Identified the +4 long sword of Doom {antimagic, Will+++}
                  | (You bought it in a shop on level 9 of the Dungeon)
 10190 | D:9      | Found Houtenisk's General Store.
 10210 | D:9      | Found Jotootya's Weapon Boutique.
 10598 | D:10     | Entered Level 10 of the Dungeon
 10751 | D:10     | Reached skill level 1 in Long Blades
 10929 | D:10     | HP: 1/78 [yak (7)]
 10929 | D:10     | Slain by a yak

Illustrated notes

Levels and vault maps discovered:
D:1:      roderic_dead_forest, layout_basic,
          shapermc_ecumenical_altar_mp_vishouse
D:2:      layout_basic, serial_corexii_hall, corexii_hall_statues_i,
          corexii_hall_statues_l, minmay_heptomino_l4
D:3:      layout_basic, mainiacjoe_overflow_surrounded_room
D:4:      layout_rooms, cheibrodos_sewer_entry_drain, st_stairs_12,
          kennysheep_nub, uniq_grinder, uniq_robin, uniq_blork_the_orc
D:5:      layout_basic, grunt_temple_overflow_cloverleaf,
          nicolae_overflow_crystal_walls, minmay_temple_entry_glassed_door,
          lightli_ossuary_entry_decrepit_ruins, serial_shops,
          nicolae_shop_crystal
D:6:      layout_loops_ring, nicolae_overflow_hidden_temple,
          overflow_temple_1_default, mainiacjoe_overflow_small_starburst,
          uniq_crazy_yiuf_cottage, uniq_prince_ribbit1
D:7:      layout_loops_cross
D:8:      layout_loops_corners
D:9:      layout_roguey, kennysheep_little_box, serial_shops,
          nicolae_shop_bloodbath_and_beyond, nicolae_shop_tiny_glass,
          nicolae_square_shop, shop_statue, shop
D:10:     layout_grid_maze, david_lair_generic
Temple:   nicolae_temple_bog_church

Skill      XL: |  1  2  3  4  5  6  7  8  9 10 |
---------------+-------------------------------+-----
Axes           | 2 3 4 5 7 9 |  9.9
Armour         | 3 4 5 6 |  6.1
Shields        | 3 4 5 7 8 |  8.1
Dodging        | 1 2 3 |  3.7
Fighting       | 4 5 |  5.8
Stealth        | 1 2 |  2.0
Long Blades    | 1 |  1.2

Action                     |  1- 3 |  4- 6 |  7- 9 | 10-12 || total
---------------------------+-------+-------+-------+-------++-------
  Melee: War axe           |   112 |   150 |   458 |   107 ||   827
         Tailslap          |     2 |    21 |    81 |    36 ||   140
         Long sword        |       |       |       |    66 ||    66
 Invoke: Minor Destruction |       |       |       |     1 ||     1
    Use: Scroll            |     6 |       |    10 |     4 ||    20
         Potion            |       |     3 |     2 |     1 ||     6
 Armour: Scale mail        |    53 |    55 |   139 |    67 ||   314
  Dodge: Dodged            |    32 |    39 |    95 |    59 ||   225
  Block: Buckler           |    39 |       |       |       ||    39
         Kite shield       |    36 |   148 |   467 |   283 ||   934
